 Dungeon Crawl Stone Soup version 0.26-a0-642-g67e99244d3 (webtiles) character file.

Game seed: 11470779770192566085

31 Colgate the Covert (level 3, 0/23 HPs)
             Began as a Kobold Delver on Sept 20, 2020.
             Shot with an arrow by a centaur (8 damage)
             ... on level 5 of the Dungeon.
             The game lasted 00:02:09 (103 turns).

Colgate the Covert (Kobold Delver)                   Turns: 103, Time: 00:02:09

Health: 0/23       AC:  3    Str:  9    XL:     3   Next: 40%
Magic:  3/3        EV: 14    Int: 11    God:
Gold:   0          SH:  0    Dex: 17    Spells: 2/2 levels left

rFire    . . .     SeeInvis .   a - +0 short sword
rCold    . . .     Faith    .   (shield restricted)
rNeg     . . .     Spirit   .   b - +0 leather armour
rPois    .         Reflect  .   (no helmet)
rElec    .         Harm     .   (no cloak)
rCorr    .         Rampage  .   (no gloves)
MR       .....                  (no boots)
Stlth    +++++.....             (no amulet)
HPRegen  0.07/turn              (no ring)
MPRegen  0.08/turn              (no ring)

@: no status effects
A: small, nightstalker 3
a: no special abilities


You were on level 5 of the Dungeon.
You visited 1 branch of the dungeon, and saw 1 of its levels.

Inventory:

Hand Weapons
 a - a +0 short sword (weapon)
Armour
 b - a +0 leather armour (worn)
Wands
 g - a wand of digging (3)
Scrolls
 d - a scroll of magic mapping
 e - a scroll of fear
Potions
 f - a potion of haste


   Skills:
 - Level 3.2 Fighting
 - Level 2.6 Short Blades
 - Level 2.4 Dodging
 + Level 8.0 Stealth


You had 2 spell levels left.
You didn't know any spells.
Your spell library was empty.

Dungeon Overview and Level Annotations

Branches:
Dungeon (5/15)
 Temple: D:4-7

Altars:


Innate Abilities, Weirdness & Mutations

You are small and have problems with some larger weapons.
You are completely attuned to the shadows.


Message History

Found a scroll labeled TILUBR YWUM.
You hit the centaur but do no damage. The centaur closely misses you.
The centaur misses you. The ogre misses you.
Found an ivory wand.
The centaur hits you!
The centaur wields a +0 shortbow.
The centaur shoots an arrow.
The arrow closely misses you.
The centaur shoots an arrow.
The arrow barely misses you.
The centaur shoots an arrow.
The arrow hits you!
* * * LOW HITPOINT WARNING * * *
You see here an arrow.
As you read the scroll of fog, it crumbles to dust.
The scroll dissolves into smoke.
You see here an arrow.
Found 17 gold pieces.
You see here 17 gold pieces.
The centaur shoots an arrow.
The arrow barely misses you.
You see here an arrow.
The centaur shoots an arrow.
The arrow hits you!
You die...

####...#
#...c..#
#.##...#
#.###$##
#c###.### ..
#.......# .#
###.###.#.# (#
#......c..##.#
#.#.###..O(@.#
#.#§# ##..####
#.#§## #..# #
#.#§§###..# #
#.c§§§....#
########§...####
.(......o..?.
#####........ #
#......./


You could see an ogre and a centaur.

Vanquished Creatures
  An orc wizard (D:5)
  An orc (D:5)
2 creatures vanquished.

Notes
Turn   | Place    | Note
-------+----------+-------------------------------------------
     0 | D:5      | Colgate the Kobold Delver began the quest for the Orb.
     0 | D:5      | Reached XP level 1. HP: 14/14 MP: 1/1
    24 | D:5      | Noticed an orc wizard
    29 | D:5      | Killed an orc wizard
    29 | D:5      | Reached skill level 8 in Stealth
    29 | D:5      | Reached XP level 2. HP: 19/19 MP: 2/2
    29 | D:5      | Reached XP level 3. HP: 23/23 MP: 3/3
    45 | D:5      | Noticed an ogre
    69 | D:5      | Noticed a centaur
   103 | D:5      | Shot with an arrow by a centaur

Illustrated notes

Levels and vault maps discovered:
D:5:      layout_loops_corners

Skill      XL: |  1 |
---------------+----+-----
Stealth        | 8 |  8.0
Fighting       | |  3.2
Short Blades   | |  2.6
Dodging        | |  2.4

Action                   || total
-------------------------++-------
Melee: Short sword       ||     4
  Use: Scroll            ||     1
 Stab: Sleeping          ||     3
Armor: Leather armour    ||     1
Dodge: Dodged            ||    13

Table legend: (Time is in decaauts)
 A = Elapsed time spent in this place.
 B = Non-inter-level travel time spent in this place.
 C = Inter-level travel time spent in this place.
 D = Time resting spent in this place.
 E = Time spent auto-exploring this place.
 F = Levels seen in this place.
 G = Mean time per level.
                   A        B        C        D        E       F      G
               +--------+--------+--------+--------+--------+-----+--------+
         Total |    102 |    102 |      0 |      0 |     16 |   1 |  102.0 |
       Dungeon |    102 |    102 |      0 |      0 |     16 |   1 |  102.0 |
               +--------+--------+--------+--------+--------+-----+--------+

Top non-repeatable levels by time:
     D:5: 102 daAuts
